Map: Lost and Found LE

Players

MikeAnarchy - Winner!

  • Race: Zerg Zerg
  • League: Gold
  • Spawn Location: 7:00

Sketchaphone

  • Race: Zerg Zerg
  • League: Gold
  • Spawn Location: 1:00

VOD

Have the link to the VOD?

Description

Time

  • Played on: Nov. 10, 2018, 2:34 p.m.
  • Length: 16:04
Show
View Real Time Build Order
Export as new Build Order

MikeAnarchy Zerg - Winner!

Build Orders: Hatch First 

Get SALT Encoding   

  12  0:01  Drone  
  13  0:13  Overlord  
  13  0:26  Drone  
  14  0:32  Drone x2  
  16  0:52  Hatchery  
  15  1:06  Spawning Pool  
  14  1:17  Drone x3  
  17  1:32  Drone  
  18  1:35  Extractor  
  17  1:52  Drone x2  
  17  1:53  Queen  
  21  2:05  Drone  
  22  2:13  Drone  
  22  2:14  Drone  
  24  2:19  Drone  
  25  2:29  Zergling x2  
  27  2:30  Zergling x2  
  27  2:34  Overlord  
  27  2:43  Queen, Baneling Nest  
  28  2:53  Queen  
  30  3:02  Zergling x4  
  30  3:04  Drone x4  
  36  3:09  Overlord  
  36  3:26  Queen  
  36  3:27  Drone  
  36  3:28  Drone x3  
  36  3:29  Drone  
  43  3:35  Baneling x4  
  43  3:36  Baneling  
  43  3:37  Baneling  
  42  4:11  Overlord x2  
  42  4:22  Evolution Chamber  
  42  4:24  Overlord x3, Evolution Chamber  
  40  4:29  Queen  
  42  4:33  Metabolic Boost  
  42  4:36  Zergling x8, Hatchery  
  42  4:37  Zergling x4  
  46  4:57  Zergling x12  
  52  5:24  Zergling x2  
  52  5:25  Zergling x14  
  52  5:26  Zergling x2  
  52  5:27  Baneling x2  
  52  5:28  Baneling x6  
  61  5:34  Drone x2  
  62  6:03  Drone x5  
  67  6:05  Zergling x12  
  67  6:06  Zergling x4  
  75  6:17  Zerg Ground Armor Level 1  
  63  6:42  Zergling x12  
  63  6:43  Zergling x14  
  74  6:49  Baneling  
  74  6:50  Baneling x2  
  74  6:51  Baneling  
  74  6:53  Drone x3  
  77  6:54  Zergling x4  
  79  7:06  Overlord x3  
  79  7:15  Extractor  
  79  7:17  Extractor  
  77  7:35  Roach Warren  
  76  7:37  Zergling x2  
  76  7:38  Zergling x14  
  76  7:39  Zergling x10  
  89  7:50  Drone x6  
  95  7:52  Overlord x5  
  95  7:55  Lair  
  94  8:09  Baneling x5  
  94  8:14  Drone x4  
  94  8:17  Hatchery  
  94  8:18  Roach  
  99  8:22  Extractor  
  91  8:50  Baneling x5  
  91  8:51  Baneling x2  
  91  8:52  Roach  
  91  8:54  Roach  
  94  8:59  Extractor  
  94  9:01  Extractor  
  83  9:10  Baneling  
  71  9:18  Roach x5  
  71  9:19  Roach x3  
  71  9:20  Zergling x10  
  71  9:21  Zergling x14  
  71  9:22  Zergling x2  
  93  9:34  Roach x3  
  91  9:48  Zerg Ground Armor Level 2  
  91  9:55  Queen  
  91  9:56  Queen  
  94  10:04  Hydralisk Den  
  89  10:13  Roach x8  
  105  10:20  Ravager  
  102  10:23  Baneling  
  102  10:24  Baneling  
  102  10:27  Zergling x10  
  89  11:10  Roach x2  
  89  11:11  Roach x8  
  103  11:12  Roach x4  
  117  11:36  Zerg Missile Weapons Level 1  
  117  11:40  Roach x5  
  117  11:41  Roach x5  
  137  11:49  Drone x5  
  137  11:50  Drone  
  143  11:57  Overlord x3  
  143  12:13  Overlord x3  
  143  12:14  Overlord x3  
  124  12:53  Roach x7  
  124  12:54  Roach x7  
  124  12:55  Roach  
  138  13:11  Overseer x2  
  122  13:16  Roach x6  
  122  13:17  Roach x2  
  126  13:32  Roach x4, Hydralisk x2  
  136  13:57  Hydralisk x6  
  136  13:58  Hydralisk  
  136  14:02  Queen  
  150  14:35  Roach x4  
  150  14:36  Roach x8  
  150  14:37  Roach  
  150  14:38  Hydralisk  
  167  14:50  Roach x4  
  159  14:59  Roach  
  157  15:00  Roach x3  
Show
View Real Time Build Order
Export as new Build Order

Sketchaphone Zerg 

Build Orders: Hatch First 

Get SALT Encoding   

  12  0:01  Drone  
  13  0:14  Overlord  
  13  0:20  Drone  
  14  0:36  Drone x2  
  16  0:44  Drone  
  17  0:53  Drone  
  18  1:01  Hatchery  
  17  1:14  Drone x2  
  19  1:25  Spawning Pool  
  19  1:30  Extractor  
  17  1:35  Drone  
  18  1:40  Drone  
  18  1:43  Drone  
  20  1:54  Drone  
  21  2:02  Overlord  
  21  2:12  Queen  
  21  2:14  Queen  
  24  2:25  Drone  
  25  2:30  Hatchery  
  25  2:35  Metabolic Boost  
  25  2:36  Drone  
  25  2:41  Drone x2  
  25  2:44  Drone  
  28  2:58  Zergling x4  
  28  2:59  Zergling x4  
  28  3:04  Baneling Nest  
  31  3:06  Zergling x2  
  31  3:12  Drone  
  33  3:16  Overlord  
  33  3:17  Zergling x2  
  34  3:25  Overlord  
  34  3:48  Overlord  
  34  3:49  Overlord, Zergling x4  
  34  3:50  Zergling x4  
  34  3:52  Baneling x2  
  36  4:18  Drone x2  
  36  4:19  Roach Warren, Zergling x14  
  36  4:20  Zergling x2  
  45  4:37  Overlord  
  45  4:38  Queen  
  47  4:46  Overlord  
  47  4:49  Queen  
  49  4:55  Overlord, Drone  
  50  5:10  Drone x3  
  53  5:14  Queen  
  53  5:15  Lair  
  55  5:24  Roach x2  
  55  5:26  Drone  
  60  5:38  Drone x6  
  65  6:08  Zergling x4  
  67  6:12  Drone x2  
  67  6:14  Zergling x8  
  67  6:15  Overlord x2, Zergling x6  
  67  6:16  Roach x2  
  67  6:17  Roach  
  82  6:24  Drone  
  82  6:25  Spine Crawler  
  81  6:27  Spine Crawler  
  81  6:30  Baneling x2  
  81  6:31  Baneling  
  69  6:44  Drone x2  
  71  6:58  Overlord x2  
  71  7:00  Glial Reconstitution  
  71  7:02  Drone  
  71  7:03  Drone x2  
  71  7:04  Evolution Chamber  
  71  7:06  Extractor  
  71  7:07  Overlord  
  72  7:09  Overlord  
  72  7:10  Roach x3  
  72  7:11  Roach  
  80  7:29  Hatchery  
  79  7:33  Overlord  
  79  7:34  Zergling x20  
  89  7:38  Zerg Ground Armor Level 1  
  89  8:01  Extractor  
  89  8:03  Overlord  
  89  8:04  Roach x6  
  100  8:07  Baneling  
  100  8:20  Overlord x2  
  100  8:21  Zergling x6  
  100  8:22  Zergling x8  
  107  8:45  Drone  
  107  8:46  Drone x9  
  111  8:53  Overlord x2  
  111  8:54  Roach  
  111  8:55  Roach  
  115  8:57  Queen  
  104  9:23  Zergling x18  
  107  9:34  Zergling x24  
  109  9:46  Zergling x10  
  109  9:49  Queen  
  109  9:51  Drone  
  83  10:16  Roach x9  
  83  10:17  Roach x6  
  106  10:29  Baneling x5  
  106  10:34  Zerg Ground Armor Level 2  
  104  10:38  Evolution Chamber  
  104  10:39  Drone x2  
  104  10:40  Drone  
  104  10:41  Drone x3  
  104  10:42  Drone  
  107  10:43  Drone  
  105  11:05  Overlord  
  105  11:10  Overlord x2, Extractor  
  104  11:12  Zerg Missile Weapons Level 1  
  104  11:13  Extractor  
  104  11:16  Infestation Pit  
  102  11:22  Roach x4  
  110  11:42  Hydralisk Den  
  110  11:43  Extractor  
  110  11:45  Drone x3  
  111  11:56  Drone x4  
  115  12:11  Ravager  
  115  12:13  Ravager  
  117  12:17  Grooved Spines  
  117  12:18  Hatchery, Hydralisk x14  
  117  12:21  Zergling x12  
  138  12:48  Zergling x32  
  141  12:53  Spine Crawler  
  141  12:57  Hydralisk x2  
  124  13:01  Ravager  
  113  13:10  Roach  
  113  13:11  Roach x5  
  99  13:24  Roach  
  99  13:25  Roach x4  
  101  13:31  Roach  
  99  13:36  Roach  
  99  13:51  Zergling x14  
  106  13:55  Pneumatized Carapace  
  106  13:59  Drone x3  
  106  14:00  Drone  
  110  14:03  Drone x3  
  110  14:07  Hydralisk x3  
  110  14:09  Roach  
  121  14:13  Roach  
  123  14:21  Roach x3  
  129  14:34  Hydralisk x5  
  89  14:54  Hydralisk x6  
  89  15:02  Hydralisk x2  
  86  15:15  Roach x4  
  86  15:16  Roach  
  87  15:35  Hydralisk x3  
  73  15:36  Hydralisk x3  
  77  15:47  Zergling x2  
Tags
 
League
GoldGold
Matchup
ZvZ
Race
Zerg
Replay Pack
init
Spawn Locations
Cross Positions
Add a new tag
Caveats
  • Supply blocks, unpowered buildings, or Contaminate may cause inaccurate times.
  • Supply counts are checked every 10 seconds.